 Dungeon Crawl Stone Soup version 0.31.0-32-g396128a36d (webtiles) character file.

Game seed: 4945954616159363438

16661 mainiacjoe the Covert (level 12, -5/66 HPs)
             Began as an Octopode Earth Elementalist on Mar 20, 2024.
             Was a High Priest of Dithmenos.
             Slain by a wyvern (14 damage)
             ... on level 1 of the Lair of Beasts.
             The game lasted 00:51:52 (12606 turns).

mainiacjoe the Covert (OpEE)                       Turns: 12606, Time: 00:51:53

Health: -5/66      AC:  7    Str:  8    XL:     12   Next: 39%
Magic:  8/17       EV: 13    Int: 19    God:    Dithmenos [*****.]
Gold:   662        SH:  0    Dex: 15    Spells: 3/18 levels left

rFire   . . .        a - +4 rapier
rCold   . . .        J - orb {guile}
rNeg    . . .        q - +2 hat
rPois   .            g - amulet of magic regeneration
rElec   .            f - ring of wizardry
rCorr   .            i - +4 ring of slaying
SInv    .            r - +4 ring of protection
Will    .....        (no ring) Stlth *+++++++++
                     (no ring)
HPRegen 0.31/turn    (no ring)
MPRegen 0.55/turn    (no ring)
                     (no ring)

%: wizardry (x1)
@: wreathed by umbra
A: almost no armour, amphibious, 8 rings, camouflage 1, gelatinous body 1,
(nimble swimmer 1), tentacles
a: Renounce Religion, Shadow Step, Shadow Form


You were on level 1 of the Lair of Beasts.
You worshipped Dithmenos.
Dithmenos was extremely pleased with you.
You visited 3 branches of the dungeon, and saw 12 of its levels.
You also visited: Bailey.

You collected 702 gold pieces.
You spent 40 gold pieces at shops.

Inventory:

Hand Weapons
 a - a +4 rapier (weapon)
 b - a +2 heavy sling
 c - a +1 heavy orcbow
 v - a +0 sling of draining
 w - a +2 dagger of draining
 K - a +1 scimitar
Missiles
 j - 76 stones
 m - 9 javelins
 n - 19 poisoned darts
 o - a curare-tipped dart {=F}
Armour
 q - a +2 hat (worn)
 J - an orb of guile (worn)
Jewellery
 f - a ring of wizardry (left tentacle)
 g - an amulet of magic regeneration (around mantle)
 i - a +4 ring of slaying (right tentacle)
 r - a +4 ring of protection (on tentacle)
Wands
 p - a wand of polymorph (14)
 u - a wand of mindburst (17)
 B - a wand of flame (21)
 D - a wand of iceblast (12)
 H - a wand of paralysis (25)
 I - a wand of digging (1)
Scrolls
 x - a scroll of teleportation
 y - 4 scrolls of summoning
 z - 2 scrolls of poison
 C - 2 scrolls of immolation
Potions
 d - a potion of ambrosia
 e - 3 potions of lignification
 h - 4 potions of invisibility
 k - 2 potions of haste
 l - 3 potions of mutation
 s - 3 potions of might
 t - 2 potions of enlightenment
 A - a potion of brilliance
 E - 4 potions of magic
 G - a potion of attraction {unknown}
 M - a potion of heal wounds
 N - a potion of cancellation {unknown}


   Skills:
 + Level 11.2 Short Blades
 - Level 2.0 Dodging
 + Level 13.6 Stealth
 - Level 3.5 Spellcasting
 - Level 5.0 Conjurations
 - Level 10.0 Earth Magic
 - Level 5.0 Alchemy
 + Level 6.8 Evocations


You had 3 spell levels left.
You knew the following spells:

 Your Spells              Type           Power      Damage    Failure   Level
a - Sandblast             Erth           82%        2d17      1%          1
b - Stone Arrow           Conj/Erth      62%        3d10      1%          3
c - Brom's Barrelling Bo  Conj/Erth      31%        2d5       2%          4
d - Petrify               Alch/Erth      31%        N/A       2%          4
z - Passwall              Erth           41%        N/A       1%          3

Your spell library contained the following spells:

 Spells                   Type           Power      Damage    Failure   Level
 Momentum Strike          Conj/Tloc      24%        3d8       3%          2
 Apportation              Tloc           6%         N/A       6%          1
 Blink                    Tloc           6%         N/A       9%          2
 Ensorcelled Hibernation  Hex/Ice        6%         N/A       9%          2
 Jinxbite                 Hex            6%         N/A       9%          2
 Lesser Beckoning         Tloc           6%         N/A       9%          2
 Frozen Ramparts          Ice            6%         1d1       17%         3
 Fugue of the Fallen      Necr           3%         N/A       17%         3
 Gell's Gravitas          Tloc           3%         N/A       17%         3
 Teleport Other           Tloc           3%         N/A       17%         3
 Leda's Liquefaction      Alch/Erth      15%        N/A       2%          4
 Olgreb's Toxic Radiance  Alch           22%        N/A       8%          4
 Alistair's Intoxication  Alch           14%        N/A       21%         5
 Anguish                  Hex/Necr       1%         N/A       47%         4
 Metabolic Englaciation   Hex/Ice        1%         N/A       82%         5
 Conjure Ball Lightning   Conj/Air       6%         3x3d6     95%         6
 Sculpt Simulacrum        Ice/Alch       6%         N/A       95%         6
 Discord                  Hex            1%         N/A       100%        8
 Disjunction              Tloc           1%         N/A       100%        8


Dungeon Overview and Level Annotations

Branches:
Dungeon (10/15)            Temple (1/1) D:7            Lair (1/5) D:9
 Bailey (visited)
    Orc: D:9-12

Altars:
Ashenzari
Cheibriados
Dithmenos
Elyvilon
Fedhas
Gozag
Hepliaklqana
Kikubaaqudgha
Makhleb
Nemelex Xobeh
Okawaru
Qazlal
Ru
Sif Muna
Trog
Uskayaw
Vehumet
Wu Jian
Xom
Yredelemnul
Zin
The Shining One
Ignis

Shops:
D:6 *

Annotations:
D:2 1 runed translucent door, Crazy Yiuf
D:7 2 transporters: phantom mirror


Innate Abilities, Weirdness & Mutations

You cannot wear most types of armour.
You are amphibious.
You can wear up to eight rings at the same time.
Your skin changes colour to match your surroundings (Stealth+).
Your rubbery body absorbs attacks. (AC +1, EV +1)
((You are camouflaged when in or above water. (Stealth+)))
You have tentacles for arms and can constrict up to eight enemies at once.


Message History

The elephant is almost dead.
The elephant tramples the fungus!!
The fungus begins to die.
The elephant trunk-slaps the fungus.
The helpless elephant fails to defend itself.
You skewer the elephant like a kebab!!!!
You kill the elephant!
Dithmenos accepts your kill.
You puncture the blink frog! Your grab misses the blink frog.
Your squeeze misses the blink frog.
The blink frog is heavily wounded.
The elephant tramples the fungus!
The elephant trunk-slaps the fungus.
The blink frog blinks!
The wyvern attacks as it pursues you!
The wyvern bites you but does no damage.
Casting: Petrify (dangerous; 2% risk of failure)
Confirm with . or Enter, or press ? or * to list all spells.
Aiming: Petrify (dangerous; 2% risk of failure)
Press: ? - help, Shift-Dir - straight line, f - blink frog
Aim: a blink frog (moderately wounded, umbra, chance to affect: 76%)
The blink frog is moving more slowly.
The wyvern resists with significant effort.
The elephant resists with almost no effort.
A nearby fungus withers and dies.
The wyvern bites you!
* * * LOW HITPOINT WARNING * * *
The blink frog closely misses you. The blink frog completely misses you.
The wyvern closely misses you.
You strike the helpless blink frog from behind!
You impale the blink frog!!
You kill the blink frog!
Dithmenos accepts your kill. The wyvern bites you!
* * * LOW HITPOINT WARNING * * *
Casting: Petrify (dangerous; 2% risk of failure)
Confirm with . or Enter, or press ? or * to list all spells.
Aiming: Petrify (dangerous; 2% risk of failure)
Press: ? - help, Shift-Dir - straight line, f - wyvern
Aim: a wyvern (umbra, chance to affect: 76%)
The wyvern is moving more slowly.
The elephant is moving more slowly.
The wyvern bites you!
You die...

#..>###............
#....###....###....
#....###...## #####
#..........# .... #
#.........## .....
#.........# .Z###..
#.........#...
##..%......#
#..@###....) ##k##
..... #.Y# ....#
#..# ...# ##F# ..#
#†# #Y# #†# #..#


You could see 2 elephants, a blink frog and a wyvern (petrifying).

Vanquished Creatures
  A catoblepas (Lair:1)
  A centaur warrior (D:8)
  2 two-headed ogres
  4 elephants (Lair:1)
  2 cane toads
  A komodo dragon (D:9)
  A tengu conjurer (D:8)
  A troll (D:9)
  11 blink frogs (Lair:1)
  2 wyverns
  Eustachio (D:5)
  13 yaks
  3 vampire mosquitoes
  Edmund (D:4)
  An acid dragon (D:10)
  3 water moccasins
  A black bear (D:5)
  An ice beast (D:7)
  13 orc warriors
  An ogre (D:7)
  5 centaurs
  3 wolves (Lair:1)
  3 kobold brigands
  2 bullfrogs
  2 scorpions (D:5)
  A gnoll sergeant (D:10)
  20 wights
  28 killer bees
  A howler monkey (D:10)
  4 jellies
  7 hounds
  A gnoll bouda (D:7)
  3 orc priests
  Jessica (D:2)
  4 sleepcaps
  Ijyb (D:3)
  An iguana (D:5)
  17 orc wizards
  Robin (D:3)
  13 gnolls
  10 adders
  8 river rats (D:5)
  A white imp (D:8)
  A dart slug (D:1)
  A ribbon worm (D:4)
  61 orcs
  6 ball pythons
  5 bats
  4 endoplasms
  A giant cockroach (D:2)
  5 hobgoblins
  4 jackals (D:4)
  17 kobolds
  12 quokkas
  3 frilled lizards
  13 goblins
  27 rats
361 creatures vanquished.

Vanquished Creatures (collateral kills)
  An orc (D:7)
  A rat (D:5)
  21 boulders
23 creatures vanquished.

Vanquished Creatures (others)
  21 boulders
21 creatures vanquished.

Grand Total: 405 creatures vanquished

Notes
Turn   | Place    | Note
-------+----------+-------------------------------------------
     0 | D:1      | mainiacjoe the Octopode Earth Elementalist began the quest
                  | for the Orb.
     0 | D:1      | Reached XP level 1. HP: 11/11 MP: 3/3
   174 | D:1      | Reached XP level 2. HP: 17/17 MP: 0/5
  1184 | D:2      | Reached XP level 3. HP: 21/21 MP: 6/6
  1188 | D:2      | Learned a level 3 spell: Stone Arrow
  1320 | D:2      | Found a runed translucent door.
  1321 | D:2      | Noticed Crazy Yiuf
  1387 | D:2      | Found a sparkling altar of Nemelex Xobeh.
  1509 | D:2      | Reached XP level 4. HP: 27/27 MP: 7/7
  1510 | D:2      | Noticed Jessica
  1512 | D:2      | Killed Jessica
  1842 | D:3      | Noticed Ijyb
  1858 | D:3      | Killed Ijyb
  1859 | D:3      | Reached XP level 5. HP: 31/31 MP: 1/9
  1925 | D:3      | Noticed Robin
  2164 | D:3      | Learned a level 4 spell: Brom's Barrelling Boulder
  2635 | D:3      | Killed Robin
  2827 | D:3      | Found a shadowy altar of Dithmenos.
  2827 | D:3      | Found a hide-covered altar of Uskayaw.
  2827 | D:3      | Found a blossoming altar of Fedhas.
  2827 | D:3      | Found a sacrificial altar of Ru.
  2833 | D:3      | Became a worshipper of Dithmenos the Shadowed
  2996 | D:4      | Reached skill level 5 in Earth Magic
  3050 | D:4      | Got the Papyrus of Decomposition and Necromancy
  3153 | D:4      | Noticed Edmund
  3158 | D:4      | Killed Edmund
  3159 | D:4      | Reached XP level 6. HP: 36/36 MP: 4/11
  3654 | D:5      | Entered Level 5 of the Dungeon
  3662 | D:5      | Noticed Eustachio
  3800 | D:5      | Reached XP level 7. HP: 41/41 MP: 6/12
  3863 | D:5      | You fall into a shaft and drop 1 floor!
  4005 | D:5      | Reached * piety under Dithmenos
  4482 | D:5      | Killed Eustachio
  4483 | D:5      | Reached skill level 1 in Short Blades
  4483 | D:5      | Reached skill level 3 in Stealth
  4483 | D:5      | Reached XP level 8. HP: 41/46 MP: 2/13
  4570 | D:5      | Reached skill level 4 in Stealth
  4599 | D:5      | Reached ** piety under Dithmenos
  5012 | D:6      | Reached skill level 5 in Stealth
  5072 | D:6      | Reached skill level 6 in Stealth
  5081 | D:6      | HP: 3/69 [vampire mosquito (8)]
  5276 | D:6      | Reached skill level 5 in Short Blades
  5411 | D:6      | Reached XP level 9. HP: 50/51 MP: 5/14
  5546 | D:6      | Found an iron altar of Okawaru.
  5625 | D:6      | Found Ution's General Store.
  5633 | D:6      | Bought a scroll of immolation for 40 gold pieces
  5819 | D:6      | Reached skill level 7 in Stealth
  6076 | D:7      | Learned a level 3 spell: Passwall
  6081 | D:7      | Learned a level 4 spell: Petrify
  6184 | D:7      | Found a flagged portal.
  6228 | Bailey   | Entered a bailey
  6236 | Bailey   | Reached skill level 8 in Stealth
  6241 | Bailey   | Reached *** piety under Dithmenos
  6507 | Bailey   | Reached skill level 5 in Conjurations
  6507 | Bailey   | Reached skill level 1 in Alchemy
  6777 | D:7      | Paralysed by a gnoll bouda for 3 turns
  6832 | D:7      | Reached XP level 10. HP: 56/56 MP: 7/15
  6857 | D:7      | Found a staircase to the Ecumenical Temple.
  6867 | Temple   | Entered the Ecumenical Temple
  6980 | D:7      | Found a transporter.
  7097 | D:7      | Found a transporter.
  7306 | D:7      | Found a glowing silver altar of Zin.
  7625 | D:7      | Found an opulent altar of Gozag.
  7876 | D:8      | Noticed a centaur warrior
  7881 | D:8      | Killed a centaur warrior
  7881 | D:8      | Reached **** piety under Dithmenos
  7882 | D:8      | Reached skill level 10 in Earth Magic
  7882 | D:8      | Reached skill level 5 in Alchemy
  8214 | D:8      | Identified the blade talisman of Qazlal's Indignation {rC+
                  | Str+3}
  8463 | D:8      | Reached skill level 9 in Stealth
  8709 | D:8      | Reached XP level 11. HP: 61/61 MP: 12/16
  8762 | D:8      | Found a snail-covered altar of Cheibriados.
  8849 | D:9      | Noticed a two-headed ogre
  8944 | D:9      | Killed a two-headed ogre
  8945 | D:9      | Reached skill level 10 in Stealth
  9140 | D:9      | Reached skill level 1 in Evocations
  9219 | D:9      | Reached ***** piety under Dithmenos
  9457 | D:9      | Found a staircase to the Lair.
  9786 | D:9      | Reached skill level 11 in Stealth
  9965 | D:9      | Found an ornate altar of the Wu Jian Council.
  9965 | D:9      | Found a broken altar of Ashenzari.
 10380 | D:10     | Entered Level 10 of the Dungeon
 10588 | D:10     | Noticed Erolcha
 10589 | D:10     | Erolcha changed into Erolcha the jelly
 10589 | D:10     | Noticed Erolcha
 10594 | D:10     | Killed Erolcha the jelly
 10874 | D:10     | Noticed a two-headed ogre
 10881 | D:10     | Killed a two-headed ogre
 10882 | D:10     | Reached skill level 10 in Short Blades
 11370 | Lair:1   | Entered Level 1 of the Lair of Beasts
 11405 | Lair:1   | Noticed a catoblepas
 11632 | Lair:1   | Reached skill level 12 in Stealth
 11840 | Lair:1   | Killed a catoblepas
 11855 | D:9      | Reached skill level 5 in Evocations
 12128 | Lair:1   | Reached XP level 12. HP: 66/66 MP: 11/17
 12234 | Lair:1   | Reached skill level 13 in Stealth
 12606 | Lair:1   | Slain by a wyvern

Illustrated notes

Levels and vault maps discovered:
D:1:      ldierk_walled_garden_2, layout_loops_ring
D:2:      layout_loops_ring, basic_altar, grunt_decor_fettered,
          uniq_crazy_yiuf_cottage, uniq_jessica
D:3:      layout_basic, grunt_temple_overflow_cloverleaf, uniq_robin, uniq_ijyb
D:4:      layout_basic, uniq_edmund
D:5:      lemuel_ratsnest, layout_loops_ring, uniq_eustachio
D:6:      layout_cave_pods, okawaru_trees_2, serial_shops, shop
D:7:      gammafunk_beogh_shrine, layout_loops_ring,
          pdpol_temple_overflow_zin_treasury_gozag_greed,
          minmay_temple_entry_enclosed_plants, enter_bailey_2
D:8:      layout_loops_ring, kennysheep_mini, hangedman_minor_gate_pass
D:9:      minmay_flawed_box, layout_basic, minitemple, lair_entry_dummy
D:10:     layout_roguey, uniq_erolcha
Temple:   pdpol_scorched_temple
Lair:1:   layout_chaotic_city, gammafunk_ghost_icy,
          pdpol_lair_cabin_in_the_woods

Skill      XL: |  1  2  3  4  5  6  7  8  9 10 11 12 |
---------------+-------------------------------------+-----
Conjurations   | 2 3 4 5 |  5.0
Earth Magic    | 4 5 7 8 10 | 10.0
Spellcasting   | 3 |  3.5
Short Blades   | 1 5 8 10 11 | 11.2
Stealth        | 3 6 8 9 12 13 | 13.6
Alchemy        | 2 5 |  5.0
Evocations     | 5 6 |  6.8
Dodging        | |  2.0

Action                     |  1- 3 |  4- 6 |  7- 9 | 10-12 || total
---------------------------+-------+-------+-------+-------++-------
  Melee: Dagger            |     2 |       |     1 |       ||     3
         Tentacles         |     1 |     3 |     6 |    58 ||    68
         Constrict         |     1 |     2 |     8 |    37 ||    48
         Long sword        |       |    16 |    52 |       ||    68
         Rapier            |       |       |       |   258 ||   258
         Punch             |       |       |       |     5 ||     5
   Fire: Sling             |    26 |    53 |    76 |     5 ||   160
         Orcbow            |       |       |    21 |     9 ||    30
  Throw: Dart              |       |     1 |       |       ||     1
   Cast: Sandblast         |    24 |    11 |    51 |    10 ||    96
         Stone Arrow       |       |    22 |    55 |    25 ||   102
         Brom's Barrelling |       |       |    30 |    23 ||    53
         Petrify           |       |       |     1 |    38 ||    39
         Passwall          |       |       |       |     6 ||     6
  Evoke: Wand              |       |       |     3 |     5 ||     8
    Use: Scroll            |     5 |     4 |     7 |    11 ||    27
         Potion            |       |       |     3 |     3 ||     6
   Stab: Sleeping          |       |       |     1 |    38 ||    39
         Petrified         |       |       |     1 |    24 ||    25
         Petrifying        |       |       |       |    15 ||    15
         Paralysed         |       |       |       |     4 ||     4
 Armour: Skin              |     5 |    56 |   121 |   205 ||   387
  Dodge: Dodged            |     4 |    31 |   104 |   173 ||   312
